 Dungeon Crawl Stone Soup version 0.31-a0-845-g9abc20d24f (webtiles) character file.

Game seed: 16499116320687395435

56 randomguy2701 the Destroyer (level 3, -11/26 HPs)
             Began as a Gnoll Wanderer on Oct 1, 2023.
             Killed from afar by an orc wizard (12 damage)
             ... with a puff of flame
             ... on level 2 of the Dungeon.
             The game lasted 00:03:11 (2060 turns).

randomguy2701 the Destroyer (Gnoll Wanderer)        Turns: 2060, Time: 00:03:14

Health: -11/26     AC:  4    Str: 12    XL:     3   Next: 97%
Magic:  7/7        EV: 10    Int:  9    God:
Gold:   88         SH:  4    Dex: 14    Spells: 6/7 levels left

rFire   . . .        a - +0 mace
rCold   . . .        b - +0 buckler
rNeg    + . .        d - +0 leather armour
rPois   .            (no helmet)
rElec   .            (no cloak)
rCorr   .            (no gloves)
SInv    .            p - +0 pair of boots
Will    .....        (no amulet)
Stlth   +            g - ring of positive energy
HPRegen 0.24/turn    (no ring)
MPRegen 0.10/turn

%: no passive effects
@: no status effects
A: fangs 1, strong nose, distributed training
a: no special abilities


You were on level 2 of the Dungeon.
You visited 1 branch of the dungeon, and saw 3 of its levels.

You collected 88 gold pieces.

Inventory:

Hand Weapons
 a - a +0 mace (weapon)
Armour
 b - a +0 buckler (worn)
 d - a +0 leather armour (worn)
 p - a +0 pair of boots (worn)
Magical Staves
 j - a staff of fire
Jewellery
 g - a ring of positive energy (left hand)
Scrolls
 e - 2 scrolls of identify {unknown}
 f - a scroll of teleportation {unknown}
 h - a scroll of brand weapon {unknown}
 m - a scroll of poison {unknown}
 o - a scroll of vulnerability {unknown}
Potions
 c - a potion of haste
 i - a potion of curing {unknown}
 k - a potion of magic {unknown}
 l - a potion of heal wounds {unknown}
 n - a potion of ambrosia {unknown}


   Skills:
 + Level 1.0 Fighting
 + Level 1.0 Short Blades
 + Level 1.0 Long Blades
 + Level 1.0 Axes
 + Level 2.7 Maces & Flails
 + Level 1.0 Polearms
 + Level 1.0 Staves
 + Level 1.0 Ranged Weapons
 + Level 1.0 Throwing
 + Level 2.7 Armour
 + Level 1.0 Dodging
 + Level 1.0 Stealth
 + Level 2.7 Shields
 + Level 1.0 Unarmed Combat
 + Level 2.9 Spellcasting
 + Level 8.8 Conjurations
 + Level 0.7 Hexes
 + Level 0.7 Summonings
 + Level 0.7 Necromancy
 + Level 0.7 Translocations
 + Level 0.7 Transmutations
 + Level 0.7 Fire Magic
 + Level 0.7 Ice Magic
 + Level 0.7 Air Magic
 + Level 0.7 Earth Magic
 + Level 0.7 Poison Magic
 + Level 1.1 Invocations
 + Level 2.7 Evocations
 + Level 0.9 Shapeshifting


You had 6 spell levels left.
You knew the following spells:

 Your Spells              Type           Power      Damage    Failure   Level
a - Magic Dart            Conj           68%        1d6       1%          1

Your spell library contained the following spells:

 Spells                   Type           Power      Damage    Failure   Level
 Searing Ray              Conj           34%        2d5       2%          2
 Momentum Strike          Conj/Tloc      18%        3d8       12%         2
 Fulminant Prism          Conj/Hex       4%         3d5       58%         4
 Iskenderun's Mystic Bla  Conj/Tloc      9%         2d4       58%         4


Dungeon Overview and Level Annotations

Branches:
Dungeon (3/15)

Altars:


Innate Abilities, Weirdness & Mutations

You have very sharp teeth.
Your uncanny sense of smell can sniff out nearby items.
Your experience applies equally to all skills.


Message History

The orc wizard points at you and mumbles some strange words.
You resist with significant effort.
You feel sick. The orc hits you but does no damage.
The orc wizard casts a spell at you. You resist with significant effort.
The orc attacks as it pursues you! The orc closely misses you.
You feel sick.
You feel sick.
You feel sick. The orc attacks as it pursues you! The orc closely misses you.
You barely miss the orc.
You feel sick. The orc hits you with a +0 short sword.
* * * LOW HITPOINT WARNING * * *
You barely miss the orc.
You feel sick.
You are no longer poisoned.
The orc hits you but does no damage. x2
You closely miss the orc.
The orc wizard casts a spell.
The orc wizard flickers and vanishes!
Deactivating autopickup; reactivate with Ctrl-A.
The orc closely misses you.
You hit the orc.
The orc is severely wounded.
You block the orc's attack.
You hit the orc.
You kill the orc!
Something hits you.
* * * LOW HITPOINT WARNING * * *
A magic dart appears from out of thin air!
The magic dart hits you but does no damage.
Things that are here:
a +0 short sword; a +0 chain mail; an orc corpse You barely miss the orc.
You block the orc's attack.
You barely miss the orc. The orc closely misses you.
You closely miss the orc. Something hits you.
* * * LOW HITPOINT WARNING * * *
The orc hits you with a +0 club.
* * * LOW HITPOINT WARNING * * *
You hear some strange, mumbled words.
A puff of flame appears from out of thin air!
The puff of flame hits you!
You die...

#.................##.......##
###.#..(.....#......###..#.....
###...#........##.....# ##.....<.
....###........##.....# ##.......
#..## #........##.....###.(.#...#
#..####.......>.{..........##...#
.....<.........##........###....#
...####...##..###o.......##...#.#
.#..# #..##....{@.....#...#..##.#
.##.# #........##.....##....##..#
.##.###....##.###.######.........
###.#............................
........####.#........##.........
###..##.####.............#.......
†............[...................
.##.#...######.......#####.......
###...### #...>...# #.......


You could see an orc.

Vanquished Creatures
  An adder (D:2)
  An orc (D:2)
  2 endoplasms
  A giant cockroach (D:2)
  3 goblins
  4 hobgoblins
  13 kobolds
  3 quokkas
  6 ball pythons
  2 bats
  3 frilled lizards (D:1)
  5 rats
44 creatures vanquished.

Notes
Turn   | Place    | Note
-------+----------+-------------------------------------------
     0 | D:1      | randomguy2701 the Gnoll Wanderer began the quest for the
                  | Orb.
     0 | D:1      | randomguy2701 set off with the following items: a +0 mace,
                  | a +0 buckler, a potion of haste, a +0 leather armour; and
                  | the following spell memorised: Magic Dart; and the
                  | following spells available to memorise: Momentum Strike,
                  | Iskenderun's Mystic Blast.
     0 | D:1      | Reached XP level 1. HP: 13/13 MP: 4/4
   189 | D:1      | Reached XP level 2. HP: 19/19 MP: 1/5
   621 | D:1      | Found a faded altar of an unknown god.
  1081 | D:1      | Reached XP level 3. HP: 25/25 MP: 5/7
  1311 | D:2      | Reached skill level 1 in Invocations
  1565 | D:2      | Reached skill level 1 in Fighting
  1565 | D:2      | Reached skill level 1 in Short Blades
  1565 | D:2      | Reached skill level 1 in Long Blades
  1565 | D:2      | Reached skill level 1 in Axes
  1565 | D:2      | Reached skill level 1 in Polearms
  1565 | D:2      | Reached skill level 1 in Staves
  1565 | D:2      | Reached skill level 1 in Ranged Weapons
  1565 | D:2      | Reached skill level 1 in Throwing
  1565 | D:2      | Reached skill level 1 in Dodging
  1565 | D:2      | Reached skill level 1 in Stealth
  1565 | D:2      | Reached skill level 1 in Unarmed Combat
  2048 | D:2      | HP: 1/26 [something (4)]
  2060 | D:2      | HP: 1/26 [orc/+0 club (2)]
  2060 | D:2      | Killed from afar by an orc wizard

Illustrated notes

Levels and vault maps discovered:
D:1:      erik_arrival_cave_to_civilisation [erik_arrival_cave_to_hall],
          layout_basic, hellmonk_ecumenical_altar_lost_god
D:2:      layout_rooms, minmay_misc_feat_cross
D:3:      layout_rooms, mainiacjoe_overflow_catwalk, kennysheep_generic_room_10

Skill      XL: |  1  2  3 |
---------------+----------+-----
Invocations    | 1 |  1.1
Fighting       | 1 |  1.0
Short Blades   | 1 |  1.0
Long Blades    | 1 |  1.0
Axes           | 1 |  1.0
Polearms       | 1 |  1.0
Staves         | 1 |  1.0
Ranged Weapons | 1 |  1.0
Throwing       | 1 |  1.0
Dodging        | 1 |  1.0
Stealth        | 1 |  1.0
Unarmed Combat | 1 |  1.0
Maces & Flails | |  2.7
Armour         | |  2.7
Shields        | |  2.7
Spellcasting   | |  2.9
Conjurations   | |  8.8
Hexes          | |  0.7
Summonings     | |  0.7
Necromancy     | |  0.7
Translocations | |  0.7
Transmutations | |  0.7
Fire Magic     | |  0.7
Ice Magic      | |  0.7
Air Magic      | |  0.7
Earth Magic    | |  0.7
Poison Magic   | |  0.7
Evocations     | |  2.7
Shapeshifting  | |  0.9

Action                     || total
---------------------------++-------
  Melee: Mace              ||    22
   Cast: Magic Dart        ||    79
   Stab: Sleeping          ||     2
 Armour: Leather armour    ||    24
  Dodge: Dodged            ||    17
  Block: Buckler           ||    10

Table legend: (Time is in decaauts)
 A = Elapsed time spent in this place.
 B = Non-inter-level travel time spent in this place.
 C = Inter-level travel time spent in this place.
 D = Time resting spent in this place.
 E = Time spent auto-exploring this place.
 F = Levels seen in this place.
 G = Mean time per level.
                   A        B        C        D        E       F      G
               +--------+--------+--------+--------+--------+-----+--------+
         Total |   2067 |   1960 |    107 |      0 |   1733 |   3 |  689.0 |
       Dungeon |   2067 |   1960 |    107 |      0 |   1733 |   3 |  689.0 |
               +--------+--------+--------+--------+--------+-----+--------+

Top non-repeatable levels by time:
     D:1: 1189 daAuts
     D:2: 869 daAuts
     D:3: 9 daAuts
